 Dungeon Crawl Stone Soup version 0.22.0 (webtiles) character file.

57 Blackhawk the Skirmisher (level 4, 0/37 HPs)
             Began as a Formicid Abyssal Knight on Oct 25, 2018.
             Was a Follower of Lugonu.
             Succumbed to an adder's poison
             ... on level 2 of the Dungeon.
             The game lasted 00:02:22 (1298 turns).

Blackhawk the Skirmisher (Formicid Abyssal Knight)  Turns: 1298, Time: 00:02:22

Health: 0/37       AC:  3    Str: 16 (18) XL:     4   Next: 18%
Magic:  6/6        EV: 11    Int:  8 (11) God:    Lugonu [*.....]
Gold:   85         SH:  0    Dex:  9 (10) Spells: 3/3 levels left

rFire    . . .     SeeInvis +   a - +1 mace
rCold    . . .     Gourm    .   (no shield)
rNeg     . . .     Faith    .   b - +0 leather armour
rPois    .         Spirit   .   (helmet unavailable)
rElec    .         Reflect  .   (no cloak)
rCorr    .         Harm     .   (no gloves)
MR       .....                  (no boots)
Stlth    +.........             (no amulet)
HPRegen  0.12/turn              (no ring)
MPRegen  0.10/turn              (no ring)

@: lethally poisoned (0 -> -7), flying
A: permanent stasis, dig shafts and tunnels, four strong arms, antennae 3
a: Dig, Shaft Self, Depart the Abyss, Renounce Religion


You were on level 2 of the Dungeon.
You worshipped Lugonu.
Lugonu was aware of your devotion.
You were not hungry.

You visited 1 branch of the dungeon, and saw 2 of its levels.
You visited the Abyss 1 time.

You collected 85 gold pieces.

Inventory:

Hand Weapons
 a - a +1 mace (weapon)
Missiles
 g - 22 stones (quivered)
 i - 45 sling bullets
Armour
 b - a +0 leather armour (worn)
Jewellery
 k - an uncursed ring of poison resistance {unknown}
Scrolls
 d - 4 scrolls of remove curse {unknown}
 e - 4 scrolls of identify {unknown}
 f - a scroll of enchant armour {unknown}
 m - 2 scrolls of teleportation {unknown}
Potions
 h - a potion of degeneration
 j - a potion of flight
Comestibles
 c - 4 rations


   Skills:
 + Level 3.7 Fighting
 + Level 2.5 Maces & Flails
 + Level 2.8 Armour
 + Level 1.5 Dodging
 + Level 2.9 Invocations


You had 3 spell levels left.
You didn't know any spells.
Your spell library was empty.

Dungeon Overview and Level Annotations

Branches:
Dungeon (2/15)

Altars:
Fedhas


Innate Abilities, Weirdness & Mutations

You cannot be hasted, slowed, berserked, paralysed or teleported.
You can dig through walls and to a lower floor.
Your four strong arms can wield two-handed weapons with a shield.
You have a pair of large antennae on your head. (SInv)


Message History

You feel sick. The adder bites you.
* * * LOW HITPOINT WARNING * * *
You are more poisoned.
The adder poisons you! The kobold hits you but does no damage.
The adder bites you.
* * * LOW HITPOINT WARNING * * *
The kobold misses you.
You sock the adder!
You kill the adder!
Lugonu accepts your kill.
* * * LOW HITPOINT WARNING * * *
You feel sick. The kobold barely misses you.
It was a potion of degeneration.
There was something very wrong with that liquid.
You feel weakened.
You feel dopey.
You feel clumsy. The kobold closely misses you.
It was a potion of flight.
You feel very buoyant.
You fly up into the air.
You die...

.....# .....# .... #...#
.....# ....###...#
.....# .......?..#
.....# #...........# .
.....# #...........# ..
.....###...........##...
................K.......
##..........####@.......
##..............(.......
...#########....####....
.#.#########....####....
≈≈.................>....
≈......................
≈..#.##....#.....#.....
.....##....+.....#.....
.≈#####....####### ....


You could see a kobold.

Vanquished Creatures
  2 adders (D:2)
  A worm (D:2)
  A dart slug (D:2)
  A leopard gecko (D:1)
  A ball python (D:1)
  3 giant cockroaches (D:1)
  5 goblins
  3 hobgoblins
  4 bats (D:1)
  2 frilled lizards (D:2)
  5 kobolds
  7 rats
35 creatures vanquished.

Notes
Turn   | Place    | Note
-------+----------+-------------------------------------------
     0 | Abyss:1  | Blackhawk the Formicid Abyssal Knight began the quest for the Orb.
     0 | Abyss:1  | Reached XP level 1. HP: 18/18 MP: 2/2
    64 | Abyss:1  | Noticed a small abomination
    79 | Abyss:1  | Noticed an ice beast
    80 | Abyss:1  | Noticed a small abomination
    82 | D:1      | Escaped the Abyss
   174 | D:1      | Reached skill level 1 in Dodging
   260 | D:1      | Reached XP level 2. HP: 24/24 MP: 3/3
   527 | D:1      | Reached * piety under Lugonu
   590 | D:1      | Reached XP level 3. HP: 29/29 MP: 4/4
  1033 | D:2      | Found a blossoming altar of Fedhas.
  1244 | D:2      | Reached XP level 4. HP: 33/37 MP: 6/6
  1296 | D:2      | HP: 1/37 [poisoned by an adder]
  1298 | D:2      | Succumbed to an adder's poison

Skill      XL: |  1 |
---------------+----+-----
Dodging        | 1 |  1.5
Fighting       | |  3.7
Maces & Flails | |  2.5
Armour         | |  2.8
Invocations    | |  2.9

Action                   |  1- 3 |  4- 6 || total
-------------------------+-------+-------++-------
Melee: Mace              |    84 |    12 ||    96
Invok: Depart the Abyss  |     1 |       ||     1
  Use: Potion            |       |     2 ||     2
  Eat: Chunk             |     1 |       ||     1
Armor: Leather armour    |    22 |     4 ||    26
Dodge: Dodged            |    67 |    14 ||    81
